 Dungeon Crawl Stone Soup version 0.18-a0-270-ga9d907f (webtiles) character file.

13 Raultor the Digger (level 2, -3/15 HPs)
             Began as a Gargoyle Earth Elementalist on Nov 26, 2015.
             Killed by nerve-wracking pain
             ... invoked by Jessica
              (14 damage)
             ... on level 2 of the Dungeon.
             The game lasted 00:02:44 (622 turns).

Raultor the Digger (Gargoyle Earth Elementalist)     Turns: 622, Time: 00:02:44

Health: -3/15      AC:  7    Str: 11    XL:     2   Next: 37%
Magic:  1/5        EV: 12    Int: 15    God:
Gold:   64         SH:  0    Dex: 10    Spells: 2 memorised, 2 levels left

rFire  . . .     SeeInvis .     b - +0 mace
rCold  . . .     Clarity  .     j - +0 robe
rNeg   + . .     SustAt   .     (no shield)
rPois  ∞         Gourm    .     (no helmet)
rElec  +         Spirit   .     (no cloak)
rCorr  .         Warding  .     (no gloves)
rMut   .         Rnd*Tele +     (no boots)
MR     .....                    (no amulet)
Stlth  ++........               p - +2 ring of slaying
                                e - ring of teleportation

@: stone skin, very slightly contaminated, slowed, very slow, not resistant to
hostile enchantments, unstealthy
A: negative energy resistance 1, electricity resistance, unbreathing,
petrification resistance, rot immunity, AC +2
a: Evoke Teleportation


You were on level 2 of the Dungeon.
You were not hungry.

You visited 1 branch of the dungeon, and saw 2 of its levels.

You collected 64 gold pieces.

Inventory:

Hand Weapons
 b - a +0 mace (weapon)
Missiles
 a - 75 stones (quivered)
Armour
 j - a +0 robe (worn)
Jewellery
 e - a ring of teleportation (left hand)
 i - a +2 ring of protection
 p - a +2 ring of slaying (right hand)
Scrolls
 k - a scroll of teleportation {unknown}
 m - a scroll of blinking {unknown}
 n - a scroll of fog {unknown}
 o - a scroll of identify
 q - a scroll of immolation {unknown}
Potions
 g - a potion of cancellation {unknown}
Books
 c - a book of Geomancy

   Spells                             Type                      Level
   a - Sandblast                      Earth                        1
   b - Stoneskin                      Transmutation/Earth          2
   c - Passwall                       Transmutation/Earth          3
   d - Stone Arrow                    Conjuration/Earth            3
   e - Petrify                        Transmutation/Earth          4
   f - Lee's Rapid Deconstruction     Earth                        5
Comestibles
 d - 2 bread rations
 f - a beef jerky
 h - 2 chunks of flesh
 l - a meat ration


   Skills:
 - Level 1.5 Dodging
 - Level 2.1 Stealth
 - Level 2.0 Spellcasting
 - Level 0.7 Transmutations
 + Level 4.5 Earth Magic


You had 2 spell levels left.
You knew the following spells:

 Your Spells              Type           Power        Failure   Level  Hunger
a - Sandblast             Erth           ###...       3%          1    #......
b - Stoneskin             Trmt/Erth      #.......     12%         2    ###....


Dungeon Overview and Level Annotations

Branches:
Dungeon (2/15)

Altars:

Annotations:
D:2 Jessica


Innate Abilities, Weirdness & Mutations

You are resistant to torment.
Your stone body is resilient (AC +2).
You are immune to poison.
You resist negative energy.
You are resistant to electric shocks.
You can survive without breathing.
You are immune to petrification.
You are immune to rotting.


Message History

Confirm with . or Enter, or press ? or * to list all spells.
Aiming: Sandblast
Press: ? - help, Shift-Dir - straight line, f - Jessica
Aim: Jessica, wearing a robe (fast)
The rocky blast misses Jessica.
Jessica casts a spell at you.
You feel as though you will be slow longer.
Jessica hits you but does no damage.
b - a +0 mace (weapon)
Jessica closely misses you.
You hit Jessica but do no damage. Jessica barely misses you.
Jessica misses you. Jessica hits you.
A giant cockroach comes into view.
Jessica hits you but does no damage. Jessica hits you but does no damage.
Jessica hits you but does no damage. Jessica closely misses you.
Jessica gestures at you while chanting. Pain shoots through your body!
Ouch! That really hurt!
You die...

..s #######.. ..
#....##.# ..
#.##.##.# #.
#.#..##.# . #.
#.#..##.#
....##.###
#.#.....####.#
......)..#
#.######.....#
##..##.#.######.##
#.#####
#.#..@@.....# #.#
#.#.........# #.#
..#.........# #.#
####.........##
#.#
..............#
#.#
####..........#
#.#
........(.....#
#.#
...##.........#
#.#
#######...####.#


You could see Jessica.

Vanquished Creatures
  2 bats (D:1)
  2 giant cockroaches
  2 goblins
  2 kobolds (D:1)
  4 rats (D:1)
12 creatures vanquished.

Notes
Turn   | Place    | Note
--------------------------------------------------------------
     0 | D:1      | Raultor the Gargoyle Earth Elementalist began the quest for the Orb.
     0 | D:1      | Reached XP level 1. HP: 10/10 MP: 3/3
   160 | D:1      | Reached skill level 4 in Earth Magic
   242 | D:1      | Reached XP level 2. HP: 15/15 MP: 5/5
   548 | D:1      | You fall through a shaft!
   610 | D:2      | Learned a level 2 spell: Stoneskin
   612 | D:2      | Noticed Jessica
   622 | D:2      | Killed from afar by Jessica

Vault maps used:
D:1:      dpeg_arrival_another_circle, corexii_corridor_pit, kennysheep_boxes
D:2:      lemuel_coloured_pillars_altar, uniq_jessica

Action                   || total
-------------------------++-------
Melee: Mace              ||    24
       Unarmed           ||     3
 Cast: Sandblast         ||     8
       Stoneskin         ||     1
  Use: Scroll            ||     2
